 Dungeon Crawl Stone Soup version 0.17.2-1-ge4368a0 (webtiles) character file.

233 Goblin1989 the Poker (level 6, -4/47 HPs)
             Began as a Merfolk Gladiator on Oct 15, 2016.
             Killed from afar by an orc wizard (8 damage)
             ... with a puff of frost
             ... on level 4 of the Dungeon.
             The game lasted 00:10:29 (2964 turns).

Goblin1989 the Poker (Merfolk Gladiator)            Turns: 2964, Time: 00:10:30

Health: -4/47      AC:  6    Str: 17    XL:     6   Next: 4%
Magic:  6/6        EV: 10    Int:  8    God:
Gold:   190        SH:  9    Dex: 14    Spells: 0 memorised, 5 levels left

rFire  . . .     SeeInvis .     a - +0 trident
rCold  . . .     Clarity  .     h - +0 ring mail
rNeg   . . .     SustAt   .     b - +1 shield
rPois  .         Gourm    .     c - +0 helmet
rElec  .         Spirit   .     (no cloak)
rCorr  .         Warding  .     (no gloves)
rMut   .         Stasis   .     (no boots)
MR     .....                    (no amulet)
Stlth  ..........               (no ring)
                                d - ring of loudness (curse)

@: not resistant to hostile enchantments, extremely unstealthy
A: change form in water, swift swim
a: no special abilities


You were on level 4 of the Dungeon.
You were not hungry.

You visited 1 branch of the dungeon, and saw 4 of its levels.

You collected 190 gold pieces.

Inventory:

Hand Weapons
 a - a +0 trident (weapon)
Missiles
 Z - 3 throwing nets {=f, !d}
Armour
 b - a +1 shield (worn)
 c - a +0 helmet (worn)
 h - a +0 ring mail (worn)
Jewellery
 d - a cursed ring of loudness (left hand)
 y - an uncursed ring of fire {unknown}
Scrolls
 g - 2 scrolls of blinking {unknown}
 i - a scroll of noise {unknown}
 j - a scroll of recharging {unknown}
 n - a scroll of teleportation {unknown}
 p - 2 scrolls of enchant armour
 q - a scroll of enchant weapon {unknown}
 r - 4 scrolls of immolation {unknown}
 u - 2 scrolls of fog {unknown}
 w - a scroll of magic mapping {unknown}
 x - a scroll of random uselessness {unknown}
 R - a scroll of identify {@r1}
Potions
 f - a potion of flight
 o - a potion of resistance
Comestibles
 e - 4 bread rations {@e1}
 k - 2 meat rations {@e2}
 l - a beef jerky
 m - 2 royal jellies


   Skills:
 + Level 3.6 Fighting
 * Level 7.2 Polearms
 - Level 2.0 Throwing
 + Level 5.0 Dodging
 + Level 1.9 Shields


You had 5 spell levels left.
You didn't know any spells.

Dungeon Overview and Level Annotations

Branches:
Dungeon (4/15)
 Temple: D:4-7

Altars:
Elyvilon
Qazlal
Vehumet

Shops:
D:4 *


Message History

The orc wizard hits you but does no damage.
The giant gecko bites you. The orc wizard barely misses you.
The orc hits you but does no damage.
You take 4 damage, and have 23/47 hp.
You hit the orc wizard but do no damage.
The orc wizard is moderately wounded.
You block the orc wizard's attack. You block the giant gecko's attack.
The orc closely misses you. The orc wizard casts a spell at you.
The puff of flame hits you!
* * * LOW HITPOINT WARNING * * *
You block the giant gecko's attack.
You take 10 damage, and have 13/47 hp.
MASSIVE DAMAGE!!
The orc wizard gestures at you while chanting.
The puff of frost hits you!
* * * LOW HITPOINT WARNING * * *
You take 9 damage, and have 4/47 hp.
The orc wizard points at you and mumbles some strange words.
The puff of frost hits you!
You die...

......ਜ .$$$..ਜ
.$∩$.. ਜਜ.$$$ਜ
. ਜ.....ਜ ..
ਜਜ.....ਜ.. ...
ਜਜ.........
.... ਜਜ..@ਜ
.....ਜ?..ਜਜ
......ooਜਜ
......).ਜ
.....ਜ.l.......
.... ਜਜ........
ਜਜ. ਜ..ਜਜਜਜਜਜ ਜ
...ਜ ..ਜਜ


You could see an orc wizard and an orc.

Vanquished Creatures
  An orc priest (D:3)
  An orc wizard (D:4)
  4 gnolls (D:3)
  5 adders
  An ooze (D:3)
  2 worms
  6 orcs (D:3)
  2 ball pythons
  3 giant cockroaches
  7 goblins
  9 hobgoblins
  2 jackals (D:3)
  4 kobolds
  A quokka (D:3)
  11 bats
  7 giant newts
  11 rats
77 creatures vanquished.

Notes
Turn   | Place    | Note
--------------------------------------------------------------
     0 | D:1      | Goblin1989 the Merfolk Gladiator began the quest for the Orb.
     0 | D:1      | Reached XP level 1. HP: 16/16 MP: 1/1
   184 | D:1      | Reached XP level 2. HP: 20/23 MP: 2/2
   275 | D:1      | Reached skill level 5 in Polearms
   872 | D:2      | Reached XP level 3. HP: 28/28 MP: 3/3
   956 | D:2      | Found a radiant altar of Vehumet.
  1026 | D:2      | Reached XP level 4. HP: 20/34 MP: 4/4
  1242 | D:2      | Reached skill level 6 in Polearms
  1914 | D:3      | Reached skill level 1 in Shields
  2120 | D:3      | Noticed an air elemental
  2122 | D:3      | Found a stormy altar of Qazlal.
  2123 | D:3      | Noticed an earth elemental
  2124 | D:3      | Noticed a fire elemental
  2124 | D:3      | Noticed a water elemental
  2183 | D:3      | Reached XP level 5. HP: 32/41 MP: 5/5
  2601 | D:3      | Reached skill level 7 in Polearms
  2899 | D:3      | Found a white marble altar of Elyvilon.
  2943 | D:4      | Found Ekisk's Assorted Antiques.
  2954 | D:4      | Reached skill level 5 in Dodging
  2954 | D:4      | Reached XP level 6. HP: 37/47 MP: 6/6
  2964 | D:4      | Killed from afar by an orc wizard

Action                   |  1- 3 |  4- 6 || total
-------------------------+-------+-------++-------
Melee: Trident           |   103 |   163 ||   266
  Use: Scroll            |     2 |     1 ||     3
       Potion            |       |     3 ||     3
 Stab: Sleeping          |     1 |       ||     1
  Eat: Chunk             |       |     7 ||     7

Vault maps used:
D:1:      dpeg_arrival_water_fire
D:2:      nicolae_overflow_crystal_walls
D:3:      marbit_many_paths, nicolae_qazlal_style_of_elements
D:4:      lemuel_blue_sif_altar, first_bread, serial_shops, shop_coins,
          bloody_trog
